 Dungeon Crawl Stone Soup version 0.29-a0-284-gf9362112df (webtiles) character file.

Game seed: 15656918407145680866

139 bande the Covered (level 5, -7/33 HPs)
             Began as a Gargoyle Fighter on Apr 1, 2022.
             Mangled by a gnoll
             ... wielding a +0 halberd
              (10 damage)
             ... on level 4 of the Dungeon.
             The game lasted 00:03:38 (2036 turns).

bande the Covered (Gargoyle Fighter)                Turns: 2036, Time: 00:03:39

Health: -7/33      AC: 13    Str: 19    XL:     5   Next: 22%
Magic:  5/5        EV:  9    Int:  9    God:
Gold:   40         SH:  4    Dex: 11    Spells: 4/4 levels left

rFire   . . .      SeeInvis .   a - +0 war axe
rCold   . . .      Faith    .   c - +0 buckler
rNeg    + . .      Spirit   .   b - +0 scale mail
rPois   ∞          Reflect  .   (no helmet)
rElec   +          Harm     .   i - +0 cloak
rCorr   .          Rampage  .   (no gloves)
Will    .....                   h - +0 pair of boots
Stlth   ..........              (no amulet)
HPRegen 0.11/turn               (no ring)
MPRegen 0.09/turn               (no ring)

@: mighty
A: sickness immunity, AC +4, negative energy resistance 1, electricity
resistance, torment resistance 1, petrification resistance
a: no special abilities


You were on level 4 of the Dungeon.
You visited 1 branch of the dungeon, and saw 3 of its levels.

You collected 40 gold pieces.

Inventory:

Hand Weapons
 a - a +0 war axe (weapon)
Armour
 b - a +0 scale mail (worn)
 c - a +0 buckler (worn)
 h - a +0 pair of boots (worn)
 i - a +0 cloak (worn)
Scrolls
 f - a scroll of fog {unknown}
 k - a scroll of blinking
Potions
 e - 4 potions of brilliance
 j - 2 potions of curing
 l - a potion of degeneration {unknown}


   Skills:
 + Level 3.9 Fighting
 + Level 3.4 Axes
 + Level 4.2 Armour
 + Level 3.7 Shields


You had 4 spell levels left.
You didn't know any spells.
Your spell library was empty.

Dungeon Overview and Level Annotations

Branches:
Dungeon (2/15)

Altars:

Shops:
D:2 (=


Innate Abilities, Weirdness & Mutations

You are immune to sickness and miasma.
Your stone body is resilient. (AC +4)
You are immune to poison.
You resist negative energy. (rN+)
You are resistant to electric shocks. (rElec)
You are resistant to unholy torment.
You are immune to petrification.


Message History

The giant cockroach is almost dead.
You slash the adder! You closely miss the quokka. The gnoll closely misses you.
The adder bites you but does no damage.
The quokka bites you but does no damage.
The giant cockroach closely misses you.
Unknown command.
You barely miss the giant cockroach.
The giant cockroach is almost dead.
You slash the quokka!
You kill the quokka!
You hit the adder.
You kill the adder!
The giant cockroach bites you but does no damage.
The gnoll barely misses you. The giant cockroach bites you.
* * * LOW HITPOINT WARNING * * *
The orc barely misses you. The gnoll hits you but does no damage.
You barely miss the giant cockroach.
The giant cockroach is almost dead.
You hit the orc. The giant cockroach closely misses you.
You block the gnoll's attack. The orc hits you but does no damage.
Unknown command.
You slash the giant cockroach!
You kill the giant cockroach!
You closely miss the orc. The gnoll barely misses you.
The orc closely misses you. The gnoll barely misses you.
You block the orc's attack.
Unknown command.
You see here a giant cockroach corpse.
You slash the orc!
You kill the orc!
The gnoll barely misses you. The gnoll hits you with a +0 halberd.
* * * LOW HITPOINT WARNING * * *
Things that are here:
a +0 flail; 2 boomerangs; an orc corpse The gnoll barely misses you.
You hit the gnoll.
The gnoll is moderately wounded.
The gnoll hits you with a +0 halberd!
You die...

#..# .. #.$# +.#
#..# #.# .# #..#
#.# .# . #..#
#.##.##.# #..#
#..#....#
#(.#######....##.#
#@)†(....$.#..##..
#g###.........##.#
#................#
#....#........##S.
+....+...###..##.#
#....##### #.../..
#....########.##.#
......#...........
#.......####


You could see a gnoll.

Vanquished Creatures
  A scorpion (D:4)
  4 adders
  A worm (D:2)
  2 orcs (D:4)
  6 ball pythons
  4 endoplasms
  3 giant cockroaches
  2 goblins (D:1)
  A hobgoblin (D:2)
  4 jackals (D:2)
  4 kobolds
  4 quokkas
  4 rats
40 creatures vanquished.

Notes
Turn   | Place    | Note
-------+----------+-------------------------------------------
     0 | D:1      | bande the Gargoyle Fighter began the quest for the Orb.
     0 | D:1      | Reached XP level 1. HP: 14/14 MP: 1/1
   746 | D:1      | Reached XP level 2. HP: 19/19 MP: 2/2
  1222 | D:1      | Found a faded altar of an unknown god.
  1313 | D:2      | Found Koatal's Antique Weapon Boutique.
  1591 | D:2      | Reached XP level 3. HP: 23/23 MP: 3/3
  1597 | D:2      | Found Ytweerui's Jewellery Shoppe.
  1975 | D:2      | You fall into a shaft and drop 2 floors!
  1995 | D:4      | Noticed a scorpion
  2024 | D:4      | Reached XP level 4. HP: 19/29 MP: 4/4
  2025 | D:4      | Reached skill level 4 in Armour
  2025 | D:4      | Killed a scorpion
  2026 | D:4      | Reached XP level 5. HP: 11/33 MP: 5/5
  2036 | D:4      | Mangled by a gnoll

Illustrated notes

Levels and vault maps discovered:
D:1:      dpeg_arrival_line_fractal, layout_basic,
          dreamdust_ecumenical_altar_hidden_monk_grotto
D:2:      layout_loops_ring, serial_shops, nicolae_shop_behind_doors,
          nicolae_diamond_shop, shop, minmay_misc_feat_alley,
          kennysheep_cross_room, minmay_puff
D:4:      dreamdust_elfheim, layout_basic, nicolae_qazlal_style_of_elements,
          minmay_diced_spiral

Skill      XL: |  1  2  3  4 |
---------------+-------------+-----
Axes           | 2 3 |  3.4
Armour         | 4 |  4.2
Fighting       | |  3.9
Shields        | |  3.7

Action                   |  1- 3 |  4- 6 || total
-------------------------+-------+-------++-------
Melee: War axe           |    84 |    10 ||    94
  Use: Scroll            |     3 |       ||     3
       Potion            |     2 |       ||     2
Armor: Scale mail        |    61 |    15 ||    76
Dodge: Dodged            |    53 |    16 ||    69
Block: Buckler           |    19 |     7 ||    26

Table legend: (Time is in decaauts)
 A = Elapsed time spent in this place.
 B = Non-inter-level travel time spent in this place.
 C = Inter-level travel time spent in this place.
 D = Time resting spent in this place.
 E = Time spent auto-exploring this place.
 F = Levels seen in this place.
 G = Mean time per level.
                   A        B        C        D        E       F      G
               +--------+--------+--------+--------+--------+-----+--------+
         Total |   2076 |   2076 |      0 |    290 |   1456 |   3 |  692.0 |
       Dungeon |   2076 |   2076 |      0 |    290 |   1456 |   3 |  692.0 |
               +--------+--------+--------+--------+--------+-----+--------+

Top non-repeatable levels by time:
     D:1: 1333 daAuts
     D:2: 673 daAuts
     D:4: 69 daAuts
